 Dungeon Crawl Stone Soup version 0.15.0-12-gccce430 (webtiles) character file.

35674 Hullebuh the Basher (level 13, -1/113 HPs)
             Began as a Minotaur Fighter on Aug 25, 2014.
             Was the Champion of Qazlal.
             Succumbed to Nergalle's poison
             ... on Level 7 of the Lair of Beasts on Sept 1, 2014.
             The game lasted 02:36:36 (18731 turns).

Hullebuh the Basher (Minotaur Fighter)             Turns: 18731, Time: 02:36:36

HP  -1/113       AC 23     Str 23      XL: 13   Next: 48%
MP   9/23        EV  6     Int  7      God: Qazlal [******]
Gold 1219        SH 21     Dex 11      Spells:  0 memorised, 12 levels left

rFire  + + +     SeeInvis .     F - +1 mace (crush)
rCold  . . .     Clarity  .     W - +1 plate armour {rF+}
rNeg   . . .     rCorr    .     c - +0 shield
rPois  .         rRot     .     (helmet restricted)
rElec  .         Spirit   .     K - +0 cloak
SustAb .         Warding  .     u - +0 pair of gloves
rMut   .         Stasis   .     j - +1 pair of boots
Gourm  .                        (no amulet)
MR     .....                    V - ring of protection from fire
                                x - ring of protection from fire

@: lethally poisoned, protected from physical damage, slowed, repel missiles,
heavily drained, very slow, not resistant to hostile enchantments, extremely
unstealthy
A: retaliatory headbutt, horns 2
a: Upheaval, Elemental Force, Disaster Area, Renounce Religion


You were on level 7 of the Lair of Beasts.
You worshipped Qazlal.
Qazlal was exalted by your worship.
You were hungry.

You visited 2 branches of the dungeon, and saw 17 of its levels.
You also visited: Labyrinth, Ossuary and Volcano.

You collected 1219 gold pieces.

Inventory:

Hand weapons
 d - a +0 morningstar
 F - a +1 mace of crushing (weapon)
Missiles
 i - 49 stones
 s - 6 tomahawks (quivered)
 O - 7 javelins
Armour
 c - a +0 shield (worn)
 j - a +1 pair of boots (worn)
 u - a +0 pair of gloves (worn)
 K - a +0 cloak (worn)
 R - a +0 pair of gloves
 W - a +1 plate armour of fire resistance (worn)
Magical devices
 b - a wand of polymorph (9) {unknown}
 n - a wand of frost (10)
 G - a wand of fireball (5) {unknown}
 H - a wand of slowing (19) {unknown}
 J - a wand of fireball (3) {unknown}
 L - a wand of disintegration (18) {unknown}
 M - a wand of confusion (4) {unknown}
 S - a wand of frost (7)
Comestibles
 t - 2 meat rations
 N - 14 fruits
 T - 3 bread rations
 U - 3 chunks of sheep flesh
Scrolls
 h - 4 scrolls of identify
 k - 3 scrolls of remove curse
 l - 2 scrolls of teleportation
 m - a scroll of acquirement {unknown}
 y - a scroll of fear
 z - a scroll of blinking
 A - a scroll of fog
 P - a scroll of vulnerability {unknown}
 Q - a scroll of amnesia
Jewellery
 f - an uncursed ring of protection from magic
 p - an uncursed ring of ice
 x - a ring of protection from fire (left hand)
 E - an uncursed ring of protection from magic
 V - a ring of protection from fire (right hand)
 Z - an uncursed ring of teleportation {r}
Potions
 a - a potion of mutation {unknown}
 e - 3 potions of might
 g - 5 potions of curing
 o - 2 potions of haste {unknown}
 q - 2 potions of poison {unknown}
 r - a potion of flight {unknown}
 v - a potion of lignification {unknown}
 w - 3 potions of berserk rage
 B - a potion of agility {unknown}
 C - a potion of resistance {unknown}
 D - 2 potions of heal wounds {unknown}
 Y - a potion of confusion {unknown}
Rods
 I - a +5 rod of inaccuracy (12/12)
   (You found it in a labyrinth)


   Skills:
 + Level 10.2(8.7) Fighting
 + Level 14.7(13.1) Maces & Flails
 + Level 1.6(0.4) Throwing
 + Level 10.8(9.3) Armour
 + Level 14.7(13.0) Shields
 * Level 9.8(8.4) Invocations


You had 12 spell levels left.
You didn't know any spells.

Dungeon Overview and Level Annotations

Branches:
Dungeon (10/15)            Temple (0/1) D:7             Orc (0/4) D:10
   Lair (7/8) D:10          Swamp (0/5) Lair:6       Spider (0/5) Lair:3
  Slime: Lair:6-8

Altars:
Elyvilon
Fedhas
Okawaru
Qazlal
Sif Muna
Vehumet
Zin
The Shining One

Shops:
D:10 !

Annotations:
Lair:6 exclusion: oklob plant


Innate Abilities, Weirdness & Mutations

You reflexively headbutt those who attack you in melee.
You have a pair of horns on your head.


Message History

Unknown command.
Your plate armour prevents you from hitting Nergalle.
You headbutt Nergalle, but do no damage.
Nergalle is almost dead.
* * * LOW HITPOINT WARNING * * *
You feel sick.
Nergalle is no longer invulnerable.
The spectral orc warlord hits you but does no damage.
Nergalle casts a spell at you. The bolt of negative energy hits you!
You feel drained.
* * * LOW HITPOINT WARNING * * *
You sock Nergalle!
You kill Nergalle!
Qazlal accepts your kill.
* * * LOW HITPOINT WARNING * * *
You feel sick.
The spectral orc warlord disappears in a puff of smoke!
Being near the torpor snail leaves you feeling lethargic.
A torpor snail comes into view.
Unknown command.
You die...

.#.. .........
..P....P..PP
....P.....PP#.
..........PP..#
#...........P.#
......#.#P..## ...
#$§§.#P...# ....
#.@..§..# #
...#..#§§..####
#..PP#..#§§......#
#...............##
#P...l.##.w.#...#
.....# #.#....P#
..P## ##.....P# #P
#....P## ##...###


You could see a torpor snail and a komodo dragon.

Vanquished Creatures
  A minotaur (Lab)
  5 hydras
  The ghost of teukkam the Grappler, an experienced TrMo (D:10)
  Nergalle (Lair:7)
  The ghost of flinch the Spear-Bearer, an experienced HOFi of Beogh (D:7)
  2 hill giants (D:10)
  A wolf spider (Lair:3)
  A griffon (Lair:6)
  A toenail golem (Volcano)
  2 black mambas
  A gargoyle (Volcano)
  2 molten gargoyles (Volcano)
  Psyche (D:9)
  5 komodo dragons
  5 spiny frogs
  4 fire drakes
  A queen bee (Lair:1)
  Prince Ribbit (D:5)
  2 two-headed ogres
  A troll (D:9)
  10 blink frogs
  2 redbacks (Lair:3)
  6 basilisks
  2 trapdoor spiders (Lab)
  A wyvern (D:10)
  6 hippogriffs
  Eustachio (D:7)
  A water elemental (Lair:7)
  35 yaks
  4 fire elementals (Volcano)
  Grum (D:10)
  A hungry ghost (D:10)
  5 wolves
  10 water moccasins
  14 porcupines
  3 sky beasts (D:9)
  An ice beast (D:6)
  An orc warrior (D:9)
  A spider (Lair:3)
  A phantom (D:4)
  5 centaurs
  2 black bears (D:8)
  4 ogres
  8 crocodiles
  Sigmund (D:2)
  Duvessa (D:7)
  A big kobold (D:4)
  Blork the orc (D:8)
  3 scorpions
  12 giant frogs
  A yak skeleton (D:9)
  31 killer bees
  2 electric eels
  A goliath beetle (D:8)
  Dowan (D:7)
  7 hounds
  A kobold zombie (D:9)
  2 crimson imps
  6 jellies
  A quasit (D:10)
  Crazy Yiuf (D:2)
  An orc priest (D:6)
  7 iguanas
  12 orc wizards
  4 orange rats (Lair:4)
  Natasha (twice) (D:3)
  7 spectral orcs (Lair:7)
  5 worker ants
  24 sheep
  Jessica (D:2)
  A big kobold skeleton (D:7)
  9 mummies
  A scorpion zombie (D:8)
  9 gnolls
  19 adders
  A giant mite (D:3)
  56 green rats
  3 worms
  2 adder skeletons (D:4)
  A giant gecko (D:1)
  8 oozes
  41 orcs
  2 ball pythons
  15 bats
  A bat zombie (D:6)
  4 giant cockroaches
  7 goblins
  18 hobgoblins
  18 jackals
  11 quokkas
  5 giant newts
  A gnoll skeleton (D:5)
  2 gnoll zombies (Ossuary)
  3 hobgoblin zombies (Ossuary)
  16 kobolds
  4 orc zombies
  A quokka zombie (D:5)
  18 rats
  2 ballistomycetes (D:7)
  A butterfly (D:9)
  42 fungi
  19 plants
641 creatures vanquished.

Vanquished Creatures (collateral kills)
  3 spectral orcs (Lair:7)
3 creatures vanquished.

Vanquished Creatures (others)
  A fire vortex (Volcano)
  A giant spore (D:7)
  3 fungi
5 creatures vanquished.

Grand Total: 649 creatures vanquished

Notes
Turn   | Place    | Note
--------------------------------------------------------------
     0 | D:1      | Hullebuh, the Minotaur Fighter, began the quest for the Orb.
     0 | D:1      | Reached XP level 1. HP: 19/19 MP: 1/1
   163 | D:1      | Reached XP level 2. HP: 25/27 MP: 1/1
   191 | D:1      | Reached skill level 4 in Armour
   522 | D:1      | Reached XP level 3. HP: 33/33 MP: 2/2
   937 | D:2      | Found an iron altar of Okawaru.
   937 | D:2      | Found a stormy altar of Qazlal.
   938 | D:2      | Found a glowing golden altar of the Shining One.
   938 | D:2      | Found a white marble altar of Elyvilon.
   940 | D:2      | Found a blossoming altar of Fedhas.
   940 | D:2      | Noticed Jessica
   943 | D:2      | Became a worshipper of Qazlal Stormbringer
   946 | D:2      | Killed Jessica
  1097 | D:2      | Reached XP level 4. HP: 41/41 MP: 2/2
  1368 | D:2      | Noticed Sigmund
  1408 | D:3      | Noticed Natasha
  1429 | D:3      | Killed Natasha
  1826 | D:3      | Reached skill level 1 in Invocations
  1838 | D:3      | Reached XP level 5. HP: 42/47 MP: 2/2
  2122 | D:3      | Acquired Qazlal's first power
  2315 | D:3      | Reached skill level 5 in Shields
  2788 | D:3      | Noticed Natasha
  2794 | D:3      | Killed Natasha
  2794 | D:3      | Reached XP level 6. HP: 41/53 MP: 4/4
  3017 | D:3      | Found a deep blue altar of Sif Muna.
  3073 | D:2      | Killed Sigmund
  3073 | D:2      | Reached skill level 5 in Armour
  3331 | D:2      | Noticed Crazy Yiuf
  3338 | D:2      | Killed Crazy Yiuf
  3552 | D:4      | Acquired Qazlal's second power
  3552 | D:4      | Reached skill level 5 in Maces & Flails
  3578 | D:4      | Reached skill level 5 in Fighting
  3578 | D:4      | Reached XP level 7. HP: 46/61 MP: 5/5
  3693 | D:4      | Found a sand-covered staircase.
  3738 | Ossuary  | Entered an ossuary
  3836 | Ossuary  | Reached skill level 6 in Maces & Flails
  4713 | D:5      | Entered Level 5 of the Dungeon
  4873 | D:5      | Acquired Qazlal's third power
  5027 | D:5      | Reached XP level 8. HP: 65/68 MP: 6/6
  5028 | D:5      | Noticed Prince Ribbit
  5054 | D:5      | Killed Prince Ribbit
  5054 | D:5      | Reached skill level 7 in Maces & Flails
  5054 | D:5      | Reached skill level 1 in Throwing
  5906 | D:6      | Reached skill level 8 in Maces & Flails
  6535 | D:6      | Reached XP level 9. HP: 75/75 MP: 10/10
  6833 | D:7      | Noticed Duvessa
  6838 | D:7      | Noticed Dowan
  6843 | D:7      | Killed Duvessa
  6844 | D:7      | Killed Dowan
  6919 | D:7      | Noticed Eustachio
  6946 | D:7      | Killed Eustachio
  7531 | D:7      | Noticed flinch's ghost (experienced HOFi)
  7555 | D:7      | Killed flinch's ghost
  7555 | D:7      | Reached skill level 9 in Maces & Flails
  7675 | D:7      | Found a staircase to the Ecumenical Temple.
  7865 | D:7      | Acquired Qazlal's fourth power
  8126 | D:8      | Noticed Blork the orc
  8149 | D:8      | Killed Blork the orc
  8171 | D:8      | Reached skill level 5 in Invocations
  8209 | D:8      | Reached skill level 10 in Maces & Flails
  8303 | D:8      | Found a glowing silver altar of Zin.
  8806 | D:9      | Reached XP level 10. HP: 84/84 MP: 13/13
  8908 | D:9      | Noticed Psyche
  9240 | D:9      | Killed Psyche
  9391 | D:9      | Reached skill level 11 in Maces & Flails
  9741 | D:9      | Acquired Qazlal's fifth power
  9826 | D:9      | Reached skill level 10 in Shields
 10271 | D:10     | Entered Level 10 of the Dungeon
 10271 | D:10     | Found Hafer's Distillery.
 10276 | D:10     | Noticed a hill giant
 10718 | D:10     | Reached XP level 11. HP: 90/92 MP: 17/17
 10749 | D:10     | Reached skill level 12 in Maces & Flails
 10773 | D:10     | Noticed teukkam's ghost (experienced TrMo)
 10935 | D:10     | Killed teukkam's ghost
 11193 | D:10     | Found a staircase to the Orcish Mines.
 11206 | D:10     | Noticed a hill giant
 11211 | D:10     | Killed a hill giant
 11283 | D:10     | Killed a hill giant
 11328 | D:10     | Noticed Grum
 11342 | D:10     | Killed Grum
 11450 | D:10     | Found a staircase to the Lair.
 11491 | Lair:1   | Entered Level 1 of the Lair of Beasts
 11491 | Lair:1   | Found a labyrinth entrance.
 11497 | Lab      | Entered a labyrinth
 11637 | Lab      | Noticed a minotaur
 11650 | Lab      | Killed a minotaur
 11650 | Lab      | Reached skill level 13 in Maces & Flails
 11792 | Lab      | Got a distressingly furry scale mail
 11813 | Lab      | Identified the cursed -3 scale mail of Psuoroir {Int+4} (You found it in a labyrinth)
 11934 | Lair:1   | Identified a +5 rod of inaccuracy (12/12) (You found it in a labyrinth)
 12213 | Lair:1   | Upgraded the game from 0.15-b1-123-g0918319 to 0.15-b1-128-gb969795
 12907 | Lair:1   | Reached XP level 12. HP: 102/102 MP: 20/20
 13147 | Lair:1   | Upgraded the game from 0.15-b1-128-gb969795 to 0.15.0
 13147 | Lair:1   | Upgraded the game from 0.15.0 to 0.15.0-11-g6f4f891
 14707 | Lair:3   | Found a hole to the Spider Nest.
 14825 | Lair:3   | Reached skill level 10 in Armour
 15206 | Lair:1   | Upgraded the game from 0.15.0-11-g6f4f891 to 0.15.0-12-gccce430
 15611 | Lair:4   | Found a radiant altar of Vehumet.
 16509 | Lair:5   | Noticed a seven-headed hydra
 16519 | Lair:4   | Reached skill level 14 in Maces & Flails
 16748 | Lair:5   | Killed a seven-headed hydra
 17043 | Lair:5   | Noticed an eight-headed hydra
 17051 | Lair:5   | Killed an eight-headed hydra
 17051 | Lair:5   | Reached XP level 13. HP: 95/111 MP: 22/22
 17146 | Lair:5   | Noticed a seven-headed hydra
 17156 | Lair:5   | Killed a seven-headed hydra
 17892 | Lair:6   | Found a staircase to the Swamp.
 17939 | Lair:6   | Found a dark tunnel.
 17964 | Volcano  | Entered a volcano
 18075 | Volcano  | Reached skill level 10 in Fighting
 18683 | Lair:7   | Noticed Nergalle
 18729 | Lair:7   | HP: 2/113 [Nergalle/bolt of negative energy (8)]
 18730 | Lair:7   | Killed Nergalle
 18731 | Lair:7   | Succumbed to Nergalle's poison

Action                   |  1- 3 |  4- 6 |  7- 9 | 10-12 | 13-15 || total
-------------------------+-------+-------+-------+-------+-------++-------
Melee: Flail             |    91 |   206 |    90 |       |       ||   387
       Mace              |       |       |   344 |  1052 |   313 ||  1709
Throw: Stone             |       |       |    10 |       |       ||    10
       Tomahawk          |       |       |     6 |       |       ||     6
       Javelin           |       |       |       |     3 |       ||     3
Invok: Upheaval          |       |       |       |       |     1 ||     1
       Elemental Force   |       |       |       |       |     1 ||     1
       Disaster Area     |       |       |       |       |     1 ||     1
  Use: Scroll            |       |     4 |     5 |    17 |       ||    26
       Potion            |       |       |       |     1 |       ||     1
 Stab: Distracted        |       |       |       |     1 |       ||     1
  Eat: Chunk             |       |     9 |    13 |    22 |     4 ||    48
       Fruit             |       |       |     4 |     1 |     2 ||     7
       Bread ration      |       |       |       |     1 |       ||     1
